 Dungeon Crawl Stone Soup version 0.24-a0-516-g9de272b (webtiles) character file.

Game seed: 7587962245384969266

256 sl00ts the Cleaver (level 5, -1/45 HPs)
             Began as a Minotaur Monk on July 21, 2019.
             Was a Believer of Okawaru.
             Slain by an orc wizard
             ... wielding a +0 dagger
              (3 damage)
             ... on level 4 of the Dungeon.
             The game lasted 00:04:23 (3603 turns).

sl00ts the Cleaver (Minotaur Monk)                  Turns: 3603, Time: 00:04:24

Health: -1/45      AC:  3    Str: 16    XL:     5   Next: 92%
Magic:  4/4        EV: 13    Int:  7    God:    Okawaru [**....]
Gold:   123        SH:  0    Dex: 13    Spells: 4/4 levels left

rFire    . . .     SeeInvis .   a - +1 hand axe
rCold    . . .     Gourm    .   (no shield)
rNeg     . . .     Faith    .   j - +0 leather armour
rPois    .         Spirit   .   (helmet restricted)
rElec    .         Reflect  .   (no cloak)
rCorr    +         Harm     .   (no gloves)
MR       .....                  (no boots)
Stlth    ++........             (no amulet)
HPRegen  0.15/turn              e - ring of resist corrosion
MPRegen  0.09/turn              (no ring)

@: no status effects
A: retaliatory headbutt, horns 2
a: Heroism, Renounce Religion


You were on level 4 of the Dungeon.
You worshipped Okawaru.
Okawaru was pleased with you.
You were hungry.

You visited 1 branch of the dungeon, and saw 4 of its levels.

You collected 123 gold pieces.

Inventory:

Hand Weapons
 a - a +1 hand axe (weapon)
Armour
 j - a +0 leather armour (worn)
Jewellery
 e - a ring of resist corrosion (left hand)
Wands
 k - a wand of iceblast (9)
Scrolls
 b - 2 scrolls of remove curse
 f - a scroll of identify
 i - a scroll of enchant weapon
 l - a scroll of fog {unknown}
 m - a scroll of noise {unknown}
 n - 2 scrolls of teleportation {unknown}
Potions
 d - a potion of curing
 g - 3 potions of might {unknown}
 h - 2 potions of heal wounds {unknown}
Comestibles
 c - 2 rations


   Skills:
 - Level 3.6 Fighting
 * Level 8.1 Axes
 - Level 3.2 Dodging
 - Level 1.5 Stealth


You had 4 spell levels left.
You didn't know any spells.
Your spell library was empty.

Dungeon Overview and Level Annotations

Branches:
Dungeon (4/15)
 Temple: D:4-7

Altars:
Okawaru
Qazlal
Zin
The Shining One

Annotations:
D:3 2 transporters


Innate Abilities, Weirdness & Mutations

You reflexively headbutt those who attack you in melee.
You have a pair of horns on your head.


Message History

You are too injured to fight recklessly!
There are monsters nearby!
It was a potion of curing.
You feel better.
You closely miss the orc priest.
Your leather armour prevents you from hitting the orc wizard.
The orc priest looks satisfied for a moment.
The orc wizard hits you but does no damage.
The orc priest hits you with a +0 flail!
* * * LOW HITPOINT WARNING * * *
You feel better.
The orc wizard hits you with a +0 dagger.
The orc priest hits you with a +0 flail.
* * * LOW HITPOINT WARNING * * *
You hit the orc wizard. Your headbutt misses the orc wizard.
The orc wizard is lightly wounded.
The orc priest mumbles some strange prayers to Beogh against you.
Beogh smites you!
* * * LOW HITPOINT WARNING * * *
The orc wizard hits you with a +0 dagger.
You die...

#..# ##..# ....#
. ... .. ... ...
####.####### ....
#(..o.oo....
.....##.##o######
...........@....#
######.##.####.#
#.#.... #.#####.#
#.# # #.# #.# #.#
#.#


You could see an orc priest and an orc wizard.

Vanquished Creatures
  A phantom (D:3)
  5 gnolls (D:2)
  4 adders
  An ooze (D:2)
  4 worms
  A dart slug (D:2)
  2 leopard geckos
  8 bats
  2 giant cockroaches (D:2)
  7 goblins
  9 hobgoblins
  3 jackals (D:1)
  6 kobolds
  A ball python (D:2)
  2 frilled lizards (D:1)
  9 rats
65 creatures vanquished.

Notes
Turn   | Place    | Note
-------+----------+-------------------------------------------
     0 | D:1      | sl00ts the Minotaur Monk began the quest for the Orb.
     0 | D:1      | Reached XP level 1. HP: 19/19 MP: 0/0
    75 | D:1      | Reached skill level 4 in Axes
   238 | D:1      | Reached XP level 2. HP: 26/26 MP: 1/1
   806 | D:1      | Reached skill level 5 in Axes
  1150 | D:2      | Reached XP level 3. HP: 31/31 MP: 2/2
  1579 | D:2      | Reached skill level 6 in Axes
  1579 | D:2      | Reached XP level 4. HP: 9/39 MP: 3/3
  1867 | D:2      | Found a glowing silver altar of Zin.
  2131 | D:2      | Found a glowing golden altar of the Shining One.
  2175 | D:2      | Found an iron altar of Okawaru.
  2196 | D:2      | Became a worshipper of Warmaster Okawaru
  2196 | D:2      | Reached * piety under Okawaru
  2196 | D:2      | Reached ** piety under Okawaru
  2700 | D:3      | Reached skill level 7 in Axes
  2700 | D:3      | Reached XP level 5. HP: 30/45 MP: 4/4
  2860 | D:3      | Noticed a two-headed ogre
  2862 | D:3      | Noticed a hippogriff
  2863 | D:3      | Found a stormy altar of Qazlal.
  2865 | D:3      | Found a transporter.
  2880 | D:3      | Found a transporter.
  3055 | D:3      | Noticed a phantom
  3070 | D:3      | Killed a phantom
  3096 | D:3      | Reached skill level 8 in Axes
  3603 | D:4      | HP: 2/45 [orc priest/divine providence (10)]
  3603 | D:4      | Slain by an orc wizard

Levels and vault maps discovered:
D:1:      eino_arrival_cavern_c, layout_basic, minmay_misc_feat_doors
D:2:      layout_loops_ring, zin_scriptorium, okawaru_altar_gauntlet_db,
          lemuel_coloured_pillars_altar
D:3:      layout_rooms, gammafunk_temple_overflow_arena
D:4:      layout_basic, nicolae_overflow_crystal_walls,
          gammafunk_ghost_nasty_kobolds, uniq_sigmund

Skill      XL: |  1  2  3  4  5 |
---------------+----------------+-----
Axes           | 4 5 6 7 8 |  8.1
Fighting       | |  3.6
Dodging        | |  3.2
Stealth        | |  1.5

Action                   |  1- 3 |  4- 6 || total
-------------------------+-------+-------++-------
Melee: Hand axe          |    90 |    66 ||   156
       Headbutt          |    20 |     5 ||    25
  Use: Scroll            |     1 |     1 ||     2
       Potion            |       |     2 ||     2
 Stab: Sleeping          |     5 |     1 ||     6
  Eat: Chunk             |     1 |     3 ||     4
       Ration            |       |     1 ||     1
Armor: Robe              |    10 |       ||    10
       Leather armour    |     7 |     4 ||    11
Dodge: Dodged            |    46 |    37 ||    83

Table legend:
 A = Non-vault XP
 B = Vault XP
 C = Vault XP percentage of total XP
 D = Non-vault monster count
 E = Vault monster count
 F = Vault count percentage of total count
                 A         B        C        D         E       F
            +---------+---------+-------+---------+---------+-------
      Total |     331 |      35 |   9.6 |      59 |       6 |   9.2
            +---------+---------+-------+---------+---------+-------
        D:1 |      38 |       0 |   0.0 |      24 |       0 |   0.0
        D:2 |     118 |      35 |  22.9 |      27 |       6 |  18.2
        D:3 |     170 |       0 |   0.0 |       7 |       0 |   0.0
        D:4 |       5 |       0 |   0.0 |       1 |       0 |   0.0
            +---------+---------+-------+---------+---------+-------
